 Dungeon Crawl Stone Soup version 0.18.1-6-gd335043 (webtiles) character file.

107 Wooh the Slasher (level 4, -1/29 HPs)
             Began as a High Elf Skald on May 18, 2016.
             Was an Initiate of Dithmenos.
             Slain by Wooh's ghost (5 damage)
             ... on level 3 of the Dungeon.
             The game lasted 00:09:50 (2966 turns).

Wooh the Slasher (High Elf Skald)                   Turns: 2966, Time: 00:09:51

Health: -1/29      AC:  7    Str: 11    XL:     4   Next: 56%
Magic:  3/8        EV: 11    Int: 16    God:    Dithmenos [......]
Gold:   155        SH:  0    Dex: 18    Spells: 3 memorised, 2 levels left

rFire  . . .     SeeInvis .     a - +0 falchion
rCold  . . .     Gourm    .     n - +2 ring mail {rN+}
rNeg   + . .     Faith    .     (no shield)
rPois  .         Spirit   .     (no helmet)
rElec  .         Dismiss  .     (no cloak)
rCorr  .         Reflect  .     (no gloves)
SustAt .         Harm     .     (no boots)
MR     .....                    (no amulet)
Stlth  +.........               (no ring)
                                i - +3 ring of dexterity

@: infused, very slightly contaminated, not resistant to hostile enchantments,
very unstealthy
A: no striking features
a: Renounce Religion


You were on level 3 of the Dungeon.
You worshipped Dithmenos.
Dithmenos was noncommittal.
You were very hungry.

You visited 1 branch of the dungeon, and saw 3 of its levels.

You collected 155 gold pieces.

Inventory:

Hand Weapons
 a - a +0 falchion (weapon)
 q - a +0 blowgun
Missiles
 r - 14 poisoned needles
Armour
 n - a +2 ring mail of positive energy (worn)
Jewellery
 i - a +3 ring of dexterity (left hand)
Scrolls
 b - 2 scrolls of enchant armour {unknown}
 e - a scroll of magic mapping {unknown}
 f - a scroll of teleportation {unknown}
 j - a scroll of random uselessness {unknown}
 o - a scroll of remove curse {unknown}
 p - a scroll of amnesia {unknown}
Potions
 g - 2 potions of curing {unknown}
 h - a potion of cure mutation {unknown}
 k - a potion of agility {unknown}
 l - 2 potions of might {unknown}
 m - a potion of haste {unknown}
Books
 c - a book of Battle

   Spells                             Type                      Level
   a - Infusion                       Charms                       1
   b - Shroud of Golubria             Charms/Translocation         2
   c - Song of Slaying                Charms                       2
   d - Spectral Weapon                Hexes/Charms                 3
   e - Regeneration                   Charms/Necromancy            3
Comestibles
 d - 3 bread rations


   Skills:
 - Level 2.0 Fighting
 - Level 5.0 Long Blades
 + Level 2.0 Armour
 - Level 1.7 Dodging
 - Level 2.4 Spellcasting
 - Level 3.6 Charms


You had 2 spell levels left.
You knew the following spells:

 Your Spells              Type           Power        Failure   Level  Hunger
a - Infusion              Chrm           ##..         12%         1    #......
b - Song of Slaying       Chrm           ##......     17%         2    ###....
c - Shroud of Golubria    Chrm/Tloc      #.........   38%         2    ###....


Dungeon Overview and Level Annotations

Branches:
Dungeon (3/15)

Altars:
Cheibriados
Dithmenos

Annotations:
D:3 Wooh's ghost, amateur HuGl


Message History

Wooh's ghost is moderately damaged.
Wooh's ghost hits you but does no damage.
You hit Wooh's ghost.
Wooh's ghost is heavily damaged.
Wooh's ghost completely misses you.
You hit Wooh's ghost.
Wooh's ghost is heavily damaged.
Wooh's ghost hits you.
* * * LOW HITPOINT WARNING * * *
You closely miss Wooh's ghost.
Wooh's ghost is heavily damaged.
Wooh's ghost misses you.
You closely miss Wooh's ghost.
Wooh's ghost is heavily damaged.
Wooh's ghost hits you.
* * * LOW HITPOINT WARNING * * *
You barely miss Wooh's ghost.
Wooh's ghost is heavily damaged.
Wooh's ghost hits you.
You die...

......... #.......##### #
. #.#....<....#.#.# ## #
#.#....>......... #_#.#
........#.#...#.# #8.#.#.
#.#.##...................
#.......###.###........
###.........######W8.
######.[....#...@#.#
#.........###.#.#W.#
##.####.#.....#.#..# #
#.####.......#.#..### .#
##...)......#.#>#%[#.##.#
........###...#.#.......#
........# #.###.#.....#.#
........# #.# #...#...#
........# #+#
#####...####


You could see Wooh's ghost.

Vanquished Creatures
  A hound (D:3)
  An adder (D:2)
  An ooze (D:1)
  3 worms (D:2)
  2 dart slugs (D:1)
  3 giant geckos
  6 bats
  3 giant cockroaches
  2 goblins (D:2)
  3 hobgoblins
  2 jackals (D:1)
  11 kobolds
  2 quokkas (D:2)
  2 giant newts
  8 rats
50 creatures vanquished.

Notes
Turn   | Place    | Note
--------------------------------------------------------------
     0 | D:1      | Wooh the High Elf Skald began the quest for the Orb.
     0 | D:1      | Reached XP level 1. HP: 14/14 MP: 4/4
   133 | D:1      | Reached skill level 3 in Long Blades
   237 | D:1      | Reached XP level 2. HP: 11/19 MP: 6/6
   601 | D:1      | Reached skill level 4 in Long Blades
   705 | D:1      | Reached XP level 3. HP: 22/24 MP: 7/7
   751 | D:1      | Learned a level 2 spell: Song of Slaying
   754 | D:1      | Learned a level 2 spell: Shroud of Golubria
  1016 | D:2      | Found a shadowy altar of Dithmenos.
  1061 | D:2      | Became a worshipper of Dithmenos the Shadowed
  1379 | D:2      | Reached skill level 5 in Long Blades
  1920 | D:2      | Reached XP level 4. HP: 29/29 MP: 8/8
  2206 | D:3      | Reached skill level 1 in Armour
  2318 | D:3      | Found a snail-covered altar of Cheibriados.
  2343 | D:3      | Noticed Wooh's ghost (amateur HuGl)
  2966 | D:3      | Slain by Wooh's ghost

Skill      XL: |  1  2  3  4 |
---------------+-------------+-----
Long Blades    | 3 4 5 |  5.0
Armour         | 2 |  2.0
Fighting       | |  2.0
Dodging        | |  1.7
Spellcasting   | |  2.4
Charms         | |  3.6

Action                   |  1- 3 |  4- 6 || total
-------------------------+-------+-------++-------
Melee: Falchion          |   165 |    55 ||   220
 Cast: Infusion          |     7 |     3 ||    10
       Shroud of Golubri |     1 |     2 ||     3
       Song of Slaying   |     1 |       ||     1
 Stab: Distracted        |       |     1 ||     1
  Eat: Meat ration       |     1 |       ||     1
       Chunk             |     1 |       ||     1
Armor: Leather armour    |    25 |       ||    25
       Ring mail         |    38 |    18 ||    56
Dodge: Dodged            |    93 |    41 ||   134
